 Dungeon Crawl Stone Soup version 0.27-a0-334-g52645efa06 (webtiles) character file.

Game seed: 17632579665147815265

184848 ReteAZ the Warrior (level 19, -2/157 HPs)
             Began as a Human Fighter on Feb 13, 2021.
             Was the Champion of Okawaru.
             Slain by a wolf spider (8 damage)
             ... on level 4 of the Spider Nest.
             The game lasted 01:08:43 (33426 turns).

ReteAZ the Warrior (Human Fighter)                 Turns: 33426, Time: 01:08:44

Health: -2/157     AC: 26    Str: 20 (23) XL:     19   Next: 12%
Magic:  3/25       EV:  9    Int: 16 (17) God:    Okawaru [******]
Gold:   2065       SH: 14    Dex: 12 (13) Spells: 18/18 levels left

rFire    + . .     SeeInvis .   A - +11 scimitar "Mittyar" {speed, Fragile rF+ Int+5}
rCold    . . .     Faith    .   T - +0 kite shield {reflect}
rNeg     . . .     Spirit   .   V - +3 plate armour {Will+}
rPois    +         Reflect  +   (no helmet)
rElec    .         Harm     .   x - +0 cloak
rCorr    .         Rampage  +   H - +0 pair of gloves
Will     ++...                  S - +2 pair of boots {rampage}
Stlth    ..........             Q - amulet of regeneration
HPRegen  0.76/turn              R - +4 ring of protection
MPRegen  0.19/turn              D - ring of Gouhyiwn {*Corrode rPois Int+2 Slay+4}

@: about to teleport, corroded
A: no striking features
a: Renounce Religion, Heroism, Finesse


You were on level 4 of the Spider Nest.
You worshipped Okawaru.
Okawaru was exalted by your worship.
You visited 5 branches of the dungeon, and saw 25 of its levels.
You also visited: Bailey and Ice Cave.

You collected 3782 gold pieces.
You spent 1717 gold pieces at shops.

Inventory:

Hand Weapons
 s - a +0 double sword of holy wrath
 A - the +11 scimitar "Mittyar" (weapon) {speed, Fragile rF+ Int+5}
   (You found it on level 6 of the Dungeon)

   Attacks with this weapon are significantly faster.
   It affects your intelligence (+5).
   It protects you from fire.
   It will be destroyed if unequipped.
 G - a +6 vampiric demon blade
 M - the +1 falchion "Ufuox" {venom, rF+ Dex+4}
   (Okawaru gifted it to you in an ice cave)

   It poisons the flesh of those it strikes.
   It affects your dexterity (+4).
   It protects you from fire.
 Y - a +3 double sword of draining
Missiles
 t - 5 silver javelins
 O - 5 throwing nets
 X - 10 curare-tipped darts (quivered)
Armour
 l - a +2 plate armour of fire resistance
 x - a +0 cloak (worn)
 H - a +0 pair of gloves (worn)
 I - a +1 kite shield of poison resistance
 S - a +2 pair of boots of rampaging (worn)
 T - a +0 kite shield of reflection (worn)
 V - a +3 plate armour of willpower (worn)
 Z - a +0 kite shield of cold resistance
Jewellery
 a - a ring of resist corrosion
 b - a ring of willpower
 D - the ring of Gouhyiwn (right hand) {*Corrode rPois Int+2 Slay+4}
   (You acquired it on level 10 of the Dungeon)

   [ring of slaying]

   It affects your intelligence (+2).
   It affects your accuracy and damage with ranged weapons and melee attacks
   (+4).
   It protects you from poison.
   It may corrode you when you take damage.
 N - a ring of see invisible
 Q - an amulet of regeneration (around neck)
 R - a +4 ring of protection (left hand)
 W - a ring of fire
Wands
 c - a wand of mindburst (8)
 k - a wand of digging (11)
 q - a wand of acid (1)
 w - a wand of iceblast (33)
 E - a wand of paralysis (10)
 U - a wand of flame (24)
Scrolls
 e - 3 scrolls of immolation
 h - 7 scrolls of enchant armour
 i - 4 scrolls of enchant weapon
 j - 6 scrolls of teleportation
 p - 4 scrolls of blinking
 B - a scroll of silence
 F - a scroll of holy word
 J - 4 scrolls of identify
 K - 2 scrolls of magic mapping
Potions
 d - 10 potions of might
 f - 6 potions of curing
 m - 4 potions of mutation
 n - 3 potions of haste
 o - 2 potions of ambrosia
 u - 5 potions of cancellation
 v - 6 potions of flight
 z - 2 potions of invisibility
 C - 4 potions of resistance
 L - a potion of berserk rage
Miscellaneous
 g - a condenser vane
 y - a box of beasts


   Skills:
 + Level 16.3 Fighting
 - Level 14.0 Long Blades
 - Level 15.0 Armour
 * Level 5.2 Dodging
 - Level 15.0 Shields
 - Level 8.0 Invocations
 - Level 14.0 Evocations


You had 18 spell levels left.
You didn't know any spells.
Your spell library contained the following spells:

 Spells                   Type           Power        Failure   Level
 Animate Skeleton         Necr           0%           96%         1
 Apportation              Tloc           0%           96%         1
 Corona                   Hex            0%           96%         1
 Foxfire                  Conj/Fire      0%           96%         1
 Summon Small Mammal      Summ           0%           96%         1
 Corpse Rot               Necr/Air       N/A          99%         2
 Poisonous Vapours        Pois/Air       0%           99%         2
 Sublimation of Blood     Necr           0%           99%         2
 Confusing Touch          Hex            0%           100%        3
 Conjure Flame            Conj/Fire      0%           100%        3
 Gell's Gravitas          Tloc           0%           100%        3
 Inner Flame              Hex/Fire       0%           100%        3
 Mephitic Cloud           Conj/Pois/Air  0%           100%        3
 Cause Fear               Hex            0%           100%        4
 Dispel Undead            Necr           0%           100%        4
 Petrify                  Tmut/Erth      0%           100%        4
 Sticky Flame             Conj/Fire      0%           100%        4
 Agony                    Necr           0%           100%        5
 Excruciating Wounds      Necr           0%           100%        5
 Fireball                 Conj/Fire      0%           100%        5
 Metabolic Englaciation   Hex/Ice        0%           100%        5
 Silence                  Hex/Air        0%           100%        5
 Yara's Violent Unravell  Hex/Tmut       0%           100%        5
 Freezing Cloud           Conj/Ice/Air   0%           100%        6
 Discord                  Hex            0%           100%        8


Dungeon Overview and Level Annotations

Branches:
Dungeon (12/15)            Temple (1/1) D:7            Lair (6/6) D:10
  Swamp (0/4) Lair:3       Spider (4/4) Lair:3          Orc (2/2) D:12
    Elf (0/3) Orc:2        Bailey (visited)           IceCv (visited)
  Slime: Lair:5-6

Altars:
Ashenzari
Cheibriados
Elyvilon
Fedhas
Gozag
Hepliaklqana
Kikubaaqudgha
Makhleb
Nemelex Xobeh
Okawaru
Qazlal
Ru
Sif Muna
Trog
Uskayaw
Vehumet
Wu Jian
Xom
Yredelemnul
Zin

Shops:
D:9 ?   D:10 ?   Orc:1 =   Orc:2 *??*

Annotations:
D:9 3 runed translucent doors, Mandevil's ghost, novice TrHu
D:12 exclusion: obsidian statue
Lair:6 2 runed translucent doors
Spider:4 3 runed translucent doors, exclusion: 3 doors, Qyditak's ghost, adept DrCj


Message History

The moth of wrath is heavily wounded.
The spark wasp evades a web.
The wolf spider hits you but does no damage.
The wolf spider bites you.
* * * LOW HITPOINT WARNING * * *
You slice the moth of wrath!!
The moth of wrath is almost dead.
You slash the moth of wrath!
You kill the moth of wrath!
Okawaru accepts your kill. The wolf spider closely misses you.
You riposte.
You closely miss the wolf spider.
The wolf spider is moderately wounded.
The wolf spider bites you but does no damage.
You feel your intelligence returning.
Your surroundings seem slightly different.
The spark wasp bursts into living lightning!
The living lightning hits you!!
* * * LOW HITPOINT WARNING * * *
The spark wasp blinks!
You feel much better. You block the spark wasp's attack.
Okay, then.
As you read the scroll of teleportation, it crumbles to dust.
You feel strangely unstable. You block the spark wasp's attack.
The spark wasp stings you but does no damage.
As you read the scroll of fog, it crumbles to dust.
The scroll dissolves into smoke.
You block the spark wasp's attack. You block the wolf spider's attack.
The wolf spider bites you.
* * * LOW HITPOINT WARNING * * *
The sentinel's mark upon you fades away.
The wolf spider hits you but does no damage.
You block the wolf spider's attack. The spark wasp stings you.
* * * LOW HITPOINT WARNING * * *
Your corrosive artefact corrodes you!
The spark wasp shocks you!
* * * LOW HITPOINT WARNING * * *
Found 8 gold pieces.
You feel better. The wolf spider hits you!
* * * LOW HITPOINT WARNING * * *
The wolf spider bites you!
You die...

###.^**#...#**,,###
*#..##.#...#,**^,**
##^.##.$#...#,,**,,**
#..##..##^^^#*^,**,,*
##..*^..##+++##.,^*,,**
#..#**^.........,***,^*
#^.# *#....^....** *,,*
#..# ##§§§......** *,,*
#.†###§@y§......,***,,*
##^.##§s§§....^.,**,,**
#..#..§#.....#.,,*,,*
#..^..###...##*,,,,,*
##^^.)..#(.^..#,,,,,,**
##...........^..^,,,,,,**
#...........^^...,,,,,,,*
#^.#....#.....^.#,,,,*,,*
#..#^..###...,,***,,,*^,*


You could see a spark wasp and a wolf spider.

Vanquished Creatures
  Arachne (Spider:4)
  Rupert (Lair:4)
  A frost giant (IceCv)
  Donald (Spider:3)
  6 ghost moths
  3 emperor scorpions (Spider:4)
  2 orc warlords (Orc:1)
  3 entropy weavers (Spider:1)
  7 spark wasps
  Snorg (Orc:2)
  Harold (Lair:2)
  2 boulder beetles
  6 hydras
  4 ogre magi (Orc:2)
  2 catoblepae
  19 two-headed ogres
  3 orc high priests
  Sonja (Lair:4)
  A swamp dragon (Lair:3)
  An ugly thing (D:9)
  An orc sorcerer (Orc:2)
  30 wolf spiders
  11 orb spiders
  An orc knight (Bailey)
  3 oklob plants (Lair:1)
  6 moths of wrath
  A cyclops (D:12)
  3 manticores
  6 black mambas
  10 elephants
  An ice statue (IceCv)
  3 torpor snails
  A molten gargoyle (Lair:6)
  13 cane toads
  2 rime drakes
  11 komodo dragons
  13 demonic crawlers
  A queen bee (Lair:2)
  A meliai (D:9)
  16 polar bears
  34 jumping spiders
  5 trolls
  7 hornets
  10 slime creatures
  9 blink frogs
  A vampire (D:12)
  83 redbacks
  A shadow (D:12)
  2 wraiths (D:10)
  57 yaks
  28 tarantellas
  10 wyverns
  Grum (D:11)
  6 basilisks
  A steam dragon (Lair:2)
  A golden eye (shapeshifter) (D:9)
  13 wargs
  2 acid dragons (D:12)
  23 water moccasins
  A floating eye (D:10)
  4 ice beasts
  45 orc warriors
  8 sky beasts
  3 black bears
  A necrophage (D:8)
  40 ogres
  8 centaurs
  48 wolves
  3 phantoms
  A kobold brigand (D:7)
  20 bullfrogs
  A wyvern zombie (D:6)
  2 scorpions
  A troll zombie (D:12)
  52 killer bees
  11 wights
  5 howler monkeys
  6 electric eels
  3 centaur zombies
  2 lava snakes (Lair:6)
  4 bullfrog zombies
  2 bullfrog skeletons
  13 hounds
  3 jellies
  18 orc priests
  A centaur skeleton (D:6)
  Jessica (D:3)
  3 iguanas
  24 orc wizards
  A hell rat (Lair:2)
  9 worker ants
  7 ogre zombies (D:12)
  2 hound skeletons
  6 gnolls
  A howler monkey skeleton (D:4)
  8 adders
  A river rat (Lair:2)
  A shadow imp (D:7)
  15 white imps
  6 ufetubi
  An adder zombie (D:9)
  5 adder skeletons
  5 worms
  3 dart slugs (D:3)
  6 leopard geckos
  104 orcs
  6 bats
  6 giant cockroaches
  21 goblins
  12 hobgoblins
  17 jackals
  4 kobolds
  5 quokkas
  A ball python (D:7)
  5 frilled lizards
  2 goblin skeletons (D:12)
  5 goblin zombies (D:12)
  2 hobgoblin zombies (D:12)
  A jackal skeleton (D:6)
  A leopard gecko skeleton (D:4)
  2 orc skeletons (D:12)
  14 orc zombies (D:12)
  A quokka skeleton (D:4)
  A quokka zombie (D:5)
  7 rats
1122 creatures vanquished.

Vanquished Creatures (others)
  A polar bear (IceCv)
  An orc wizard (D:12)
  30 fungi
  39 plants
71 creatures vanquished.

Grand Total: 1193 creatures vanquished

Notes
Turn   | Place    | Note
-------+----------+-------------------------------------------
     0 | D:1      | ReteAZ the Human Fighter began the quest for the Orb.
     0 | D:1      | Reached XP level 1. HP: 18/18 MP: 1/1
   236 | D:1      | Reached XP level 2. HP: 24/24 MP: 2/2
   966 | D:1      | Reached XP level 3. HP: 29/29 MP: 3/3
  1515 | D:2      | Reached XP level 4. HP: 35/35 MP: 4/4
  2247 | D:3      | Reached XP level 5. HP: 41/41 MP: 5/5
  2335 | D:3      | Found an ornate altar of the Wu Jian Council.
  2421 | D:3      | Noticed an ogre
  2818 | D:3      | Noticed Jessica
  2829 | D:3      | Killed Jessica
  2830 | D:3      | Reached XP level 6. HP: 36/48 MP: 6/6
  3053 | D:4      | Found a stormy altar of Qazlal.
  3253 | D:4      | Noticed an ogre
  3432 | D:3      | Reached skill level 4 in Fighting
  3697 | D:3      | Killed an ogre
  3698 | D:3      | Reached XP level 7. HP: 32/54 MP: 7/7
  4282 | D:4      | Found a basalt altar of Yredelemnul.
  4523 | D:4      | Reached skill level 5 in Long Blades
  4706 | D:5      | Entered Level 5 of the Dungeon
  5010 | D:5      | Reached XP level 8. HP: 53/61 MP: 8/8
  5673 | D:6      | Reached skill level 5 in Fighting
  5673 | D:6      | Reached skill level 5 in Armour
  5673 | D:6      | Reached skill level 5 in Shields
  5858 | D:6      | Got a smelly ring mail
  5869 | D:6      | Identified the +5 ring mail of Jaga {Str+4} (You found it
                  | on level 6 of the Dungeon)
  6111 | D:6      | Identified the +8 glaive of Crystal {vorpal, rElec rPois
                  | rC++ Will-}
  6149 | D:6      | Got a steaming scimitar
  6184 | D:6      | Identified the +11 scimitar "Mittyar" {speed, Fragile rF+
                  | Int+5} (You found it on level 6 of the Dungeon)
  6612 | D:6      | Reached XP level 9. HP: 41/68 MP: 9/9
  7193 | D:7      | Found a staircase to the Ecumenical Temple.
  7301 | D:7      | Reached skill level 6 in Fighting
  7522 | Temple   | Entered the Ecumenical Temple
  7567 | Temple   | Became a worshipper of Warmaster Okawaru
  7897 | D:8      | Reached skill level 1 in Invocations
  8034 | D:8      | Reached * piety under Okawaru
  8244 | D:8      | Reached XP level 10. HP: 77/77 MP: 11/11
  8504 | D:8      | Found a sacrificial altar of Ru.
  8910 | D:9      | Noticed a two-headed ogre
  8935 | D:9      | Killed a two-headed ogre
  8935 | D:9      | Reached ** piety under Okawaru
  8936 | D:9      | Reached skill level 7 in Fighting
  9228 | D:9      | Found a runed translucent gate.
  9228 | D:9      | Found a runed translucent gate.
  9228 | D:9      | Found a runed translucent gate.
  9230 | D:9      | Noticed an 11-headed hydra
  9230 | D:9      | Noticed Mandevil's ghost (novice TrHu)
  9247 | D:9      | Found Gooph's Magic Scroll Shop.
  9250 | D:9      | Bought a scroll of teleportation for 39 gold pieces
  9250 | D:9      | Bought a scroll of identify for 26 gold pieces
  9250 | D:9      | Bought a scroll of magic mapping for 45 gold pieces
  9527 | D:9      | Reached *** piety under Okawaru
  9687 | D:9      | Noticed a cyan ugly thing
  9693 | D:9      | Killed a cyan ugly thing
  9694 | D:9      | Reached XP level 11. HP: 47/84 MP: 14/14
  9695 | D:9      | Reached skill level 10 in Long Blades
  9697 | D:9      | Reached **** piety under Okawaru
  9851 | D:9      | Noticed a two-headed ogre
  9851 | D:9      | Noticed a boulder beetle
 10328 | D:10     | Entered Level 10 of the Dungeon
 10435 | D:10     | Reached skill level 5 in Invocations
 10456 | D:10     | Found Kiehom's Magic Scroll Emporium.
 10534 | D:10     | Reached ***** piety under Okawaru
 10557 | D:10     | Found a flagged portal.
 10578 | D:10     | Reached skill level 8 in Fighting
 10581 | Bailey   | Entered a bailey
 12514 | Bailey   | Found a roughly hewn altar of Beogh.
 12514 | Bailey   | Noticed an orc knight
 12524 | Bailey   | Killed an orc knight
 12606 | D:10     | Reached XP level 12. HP: 94/94 MP: 16/16
 12785 | D:10     | Received a gift from Okawaru
 13096 | D:10     | Found a staircase to the Lair.
 13382 | D:9      | Killed a boulder beetle
 13428 | D:9      | Killed a two-headed ogre
 13443 | D:9      | Got a faintly glowing great mace
 13495 | D:9      | Got a faintly glowing leather armour
 13506 | D:9      | Identified the +0 leather armour of Kape {Str+3 Stlth+}
                  | (You found it on level 9 of the Dungeon)
 13707 | Lair:1   | Entered Level 1 of the Lair of Beasts
 13748 | Lair:1   | Noticed a four-headed hydra
 13815 | D:11     | Reached skill level 9 in Fighting
 13958 | D:11     | Noticed Grum
 13972 | D:11     | Killed Grum
 14160 | D:11     | Noticed a two-headed ogre
 14169 | D:11     | Killed a two-headed ogre
 14610 | D:11     | Received a gift from Okawaru
 14954 | D:12     | Noticed a sixfirhy
 15118 | D:12     | Noticed a four-headed hydra
 15144 | D:12     | Killed a nine-headed hydra
 15145 | D:12     | Reached skill level 10 in Fighting
 15145 | D:12     | Reached skill level 10 in Shields
 15210 | D:12     | Reached XP level 13. HP: 50/103 MP: 18/18
 15331 | D:12     | Found a staircase to the Orcish Mines.
 15841 | D:12     | Reached ****** piety under Okawaru
 16097 | D:12     | Received a gift from Okawaru
 16536 | Orc:1    | Entered Level 1 of the Orcish Mines
 16536 | Orc:1    | Found Xiemuag's Jewellery Shoppe.
 16958 | Orc:2    | Entered Level 2 of the Orcish Mines
 16958 | Orc:2    | Noticed Snorg
 17287 | Orc:2    | Killed Snorg
 17288 | Orc:2    | Reached skill level 11 in Fighting
 17295 | Orc:2    | Reached skill level 10 in Armour
 17300 | Orc:2    | Noticed an ogre mage
 17311 | Orc:2    | Killed an ogre mage
 17312 | Orc:2    | Noticed an ogre mage
 17502 | Orc:1    | Received a gift from Okawaru
 17505 | Orc:1    | Got a scorched hat {god gift}
 17511 | Orc:1    | Identified the -1 hat of the Onion {-Cast rPois Dex+4}
                  | (Okawaru gifted it to you on level 1 of the Orcish Mines)
 17570 | Orc:1    | Reached XP level 14. HP: 26/114 MP: 20/20
 17853 | Orc:2    | Reached skill level 12 in Fighting
 18151 | Orc:2    | Found a staircase to the Elven Halls.
 18211 | Orc:2    | Found Qiho Edi's Assorted Antiques.
 18212 | Orc:2    | Found Deroth's Magic Scroll Shop.
 18212 | Orc:2    | Found Ryrgheuh's Assorted Antiques.
 18212 | Orc:2    | Found Yhoityaf's Magic Scroll Shop.
 18446 | Orc:2    | Bought a scroll labelled KOAGUN QOGOSY for 39 gold pieces
 18667 | Orc:2    | Received a gift from Okawaru
 18676 | Orc:2    | Noticed an orc warlord
 18677 | Orc:2    | Reached skill level 13 in Fighting
 18865 | Orc:1    | Noticed an orc warlord
 18875 | Orc:1    | You fall into a shaft and drop 1 floor!
 19096 | Orc:1    | Killed an orc warlord
 19340 | Orc:1    | Killed an orc warlord
 19934 | Orc:2    | Bought a scroll of brand weapon for 320 gold pieces
 20044 | D:10     | Bought a scroll of acquirement for 624 gold pieces
 20044 | D:10     | Bought a scroll of acquirement for 624 gold pieces
 20044 | D:10     | Acquired 828 gold pieces
 20045 | D:10     | Acquired the ring of Gouhyiwn {*Corrode rPois Int+2 Slay+4}
 20095 | Lair:1   | Received a gift from Okawaru
 20237 | Lair:1   | Reached XP level 15. HP: 97/125 MP: 21/21
 20545 | Lair:1   | Reached skill level 14 in Fighting
 21748 | Lair:2   | Reached skill level 15 in Fighting
 21748 | Lair:2   | Reached XP level 16. HP: 136/136 MP: 22/22
 21922 | Lair:2   | Noticed Harold
 21932 | Lair:2   | Killed Harold
 22295 | Lair:3   | Found a hole to the Spider Nest.
 22389 | Lair:3   | Reached skill level 15 in Shields
 22497 | Lair:3   | Found a staircase to the Swamp.
 22700 | Lair:3   | Found an opulent altar of Gozag.
 23432 | Lair:4   | Received a gift from Okawaru
 23815 | Lair:4   | Noticed Sonja
 23839 | Lair:4   | Killed Sonja
 23963 | Lair:4   | Noticed Rupert
 23979 | Lair:4   | Killed Rupert
 24363 | Lair:5   | Reached skill level 16 in Fighting
 24369 | Lair:5   | Reached skill level 1 in Evocations
 24517 | Lair:5   | You fall into a shaft and drop 1 floor!
 24517 | Lair:6   | Entered Level 6 of the Lair of Beasts
 24521 | Lair:6   | Found a frozen archway.
 24769 | Lair:6   | Reached XP level 17. HP: 114/144 MP: 23/23
 25109 | IceCv    | Entered an ice cave
 25146 | IceCv    | Received a gift from Okawaru
 25175 | IceCv    | Got an iridescent falchion {god gift}
 25183 | IceCv    | Identified the +1 falchion "Ufuox" {venom, rF+ Dex+4}
                  | (Okawaru gifted it to you in an ice cave)
 25590 | IceCv    | Reached skill level 5 in Evocations
 26954 | Lair:6   | Found a large runed translucent door.
 26955 | Lair:6   | Found a large runed translucent door.
 27089 | Spider:1 | Entered Level 1 of the Spider Nest
 27564 | Spider:1 | Received a gift from Okawaru
 27954 | Spider:1 | Reached skill level 15 in Armour
 29410 | Spider:2 | Reached skill level 10 in Evocations
 29819 | Spider:3 | Reached XP level 18. HP: 141/151 MP: 24/24
 29861 | Spider:3 | Noticed Donald
 29878 | Spider:3 | Killed Donald
 30648 | Spider:3 | Received a gift from Okawaru
 31091 | Spider:4 | Entered Level 4 of the Spider Nest
 31779 | Spider:4 | Received a gift from Okawaru
 31995 | Spider:4 | Found a runed translucent gate.
 31995 | Spider:4 | Found a runed translucent gate.
 31997 | Spider:4 | Found a runed translucent gate.
 32001 | Spider:4 | Noticed Qyditak's ghost (adept DrCj)
 32395 | Spider:4 | Noticed Arachne
 32413 | Spider:4 | Killed Arachne
 32727 | Spider:4 | Reached skill level 1 in Dodging
 33188 | Spider:4 | Received a gift from Okawaru
 33209 | Spider:4 | Reached XP level 19. HP: 95/157 MP: 3/25
 33406 | Spider:4 | Reached skill level 5 in Dodging
 33411 | Spider:4 | HP: 1/157 [spark wasp (15)]
 33421 | Spider:4 | HP: 2/157 [spark wasp/living lightning (24)]
 33426 | Spider:4 | HP: 6/157 [wolf spider (14)]
 33426 | Spider:4 | Slain by a wolf spider

Illustrated notes

Levels and vault maps discovered:
D:1:      minmay_arrival_cross, layout_basic
D:2:      layout_loops_corners, serial_glass, glass_columns_a, glass_columns_a,
          glass_columns_c, glass_columns_a, glass_columns_a, glass_columns_a
D:3:      layout_basic, lemuel_altar_in_water, uniq_jessica
D:4:      layout_gridville, yredelemnul_altar_generic,
          nicolae_qazlal_eye_of_the_storm
D:5:      layout_basic
D:6:      corexii_shack_village, layout_basic
D:7:      layout_basic, temple_pool_b, palyth_stone_intersect,
          minmay_misc_feat_chi, serial_bayou_pond_b
D:8:      layout_rooms, nicolae_ru_path_of_blood
D:9:      minmay_the_grid_square_5x5_4x4
          [minmay_the_grid_square_5x5_inverted_slash,
          minmay_the_grid_square_5x5_checkered_sparse,
          minmay_the_grid_square_5x5_tetrominoes,
          minmay_the_grid_square_5x5_six_small,
          minmay_the_grid_square_5x5_one_wall,
          minmay_the_grid_square_5x5_prize_pseudospiral,
          minmay_the_grid_square_5x5_prize_waves,
          minmay_the_grid_square_5x5_eight,
          minmay_the_grid_square_5x5_sharp_hourglass,
          minmay_the_grid_square_5x5_prize_itemx,
          minmay_the_grid_square_5x5_prize_rear_guard,
          minmay_the_grid_square_5x5_forky,
          minmay_the_grid_square_5x5_broken_cross,
          minmay_the_grid_square_5x5_two_walls_a,
          minmay_the_grid_square_5x5_three_walls,
          minmay_the_grid_square_5x5_shuriken], layout_small_grid,
          gammafunk_ghost_hydra_chop, serial_shops, kennysheep_mini,
          lemuel_flame_loot_1
D:10:     layout_basic, grunt_lair_entry_orc_guard_hut, serial_shops, shop,
          enter_bailey_5, onia_ninara_cookie
D:11:     layout_irregular_city, kennysheep_pointless_box, uniq_grum
D:12:     layout_basic, zombieorc2_lemuel, minivault_15, grunt_ministairs_4
Temple:   grunt_wide_crystal_templ
Lair:1:   layout_regular_city, serial_bayou_crossing, minmay_lair_oklob_chamber,
          grunt_megastairs_4
Lair:2:   regret_index_wax_grids, layout_cave_pods, serial_bayou_shore_b,
          infiniplex_staircase_pool, uniq_harold
Lair:3:   layout_regular_city, minmay_swamp_entry_reptiles,
          spider_nest_entry_web_field, lemuel_centaur_altar
Lair:4:   layout_loops_ring, serial_bayou_shore_a, uniq_sonja, uniq_rupert
Lair:5:   layout_regular_city
Lair:6:   cheibrodos_lair_end_hotspot, layout_regular_city, slime_altar_1,
          portal_ice_cave_entry_imps
Spider:1: layout_spider_delve
Spider:2: layout_spider_delve
Spider:3: layout_spider_delve, hangedman_spider_tarantella_strand,
          nicolae_spider_cling_ruins, uniq_donald
Spider:4: johnstein_spider_rune_arachne_lair, gammafunk_ghost_necromancy,
          uniq_arachne
Orc:1:    layout_caves, serial_shops, nicolae_shop_competitors_out_of_business
Orc:2:    st_orc_ogre_mass, layout_caves, mines5_lemuel, uniq_snorg

Skill      XL: |  1  2  3  4  5  6  7  8  9 10 11 12 13 14 15 16 17 18 19 |
---------------+----------------------------------------------------------+-----
Long Blades    | 3 4 5 6 8 9 11 12 13 14 | 14.0
Shields        | 4 5 6 7 8 10 11 14 15 | 15.0
Armour         | 4 5 6 7 8 9 10 11 12 13 15 | 15.0
Fighting       | 4 5 6 7 8 10 11 13 15 16 | 16.3
Invocations    | 1 4 5 7 8 |  8.0
Evocations     | 3 10 14 | 14.0
Dodging        | 3 5 |  5.2

Action                   |  1- 3 |  4- 6 |  7- 9 | 10-12 | 13-15 | 16-18 | 19-21 || total
-------------------------+-------+-------+-------+-------+-------+-------+-------++-------
Melee: Long sword        |    32 |       |    63 |       |       |       |       ||    95
       Dagger            |    50 |   227 |   152 |       |       |       |       ||   429
       Scimitar          |       |       |   147 |   633 |  1000 |  1589 |    63 ||  3432
Throw: Dart              |       |       |    18 |    61 |     3 |    11 |       ||    93
Invok: Heroism           |       |       |       |     5 |     4 |     8 |     1 ||    18
       Finesse           |       |       |       |       |     3 |     4 |     1 ||     8
Evoke: Wand              |       |       |       |     9 |     8 |     3 |       ||    20
  Use: Potion            |       |     3 |       |     1 |     1 |     4 |     4 ||    13
       Scroll            |       |       |       |    17 |    13 |     9 |     4 ||    43
 Stab: Sleeping          |       |       |       |     1 |       |       |       ||     1
       Distracted        |       |       |       |       |       |     1 |       ||     1
Armor: Scale mail        |    34 |    58 |    56 |       |       |       |       ||   148
       Skin              |       |       |     5 |       |       |       |       ||     5
       Ring mail         |       |       |    63 |   143 |       |       |       ||   206
       Plate armour      |       |       |       |    68 |   360 |   819 |    58 ||  1305
       Chain mail        |       |       |       |       |       |    36 |       ||    36
Dodge: Dodged            |    17 |    87 |   105 |   173 |   152 |   336 |    12 ||   882
Block: Kite shield       |    39 |    25 |       |   151 |   522 |   869 |    38 ||  1644
       Buckler           |       |    59 |    93 |   129 |       |       |       ||   281
       Reflection        |       |       |       |       |       |     1 |       ||     1
       Rpst.: Long sword |     3 |       |     4 |       |       |       |       ||     7
       Scimitar          |       |       |    13 |    28 |    45 |    59 |     3 ||   148

Table legend: (Time is in decaauts)
 A = Elapsed time spent in this place.
 B = Non-inter-level travel time spent in this place.
 C = Inter-level travel time spent in this place.
 D = Time resting spent in this place.
 E = Time spent auto-exploring this place.
 F = Levels seen in this place.
 G = Mean time per level.
                   A        B        C        D        E       F      G
               +--------+--------+--------+--------+--------+-----+--------+
         Total |  31918 |  30367 |   1551 |   6432 |  16700 |  27 | 1182.1 |
       Dungeon |  14412 |  13666 |    746 |   1989 |   8715 |  12 | 1201.0 |
        Temple |     54 |     34 |     20 |      0 |     32 |   1 |   54.0 |
          Lair |   5951 |   5547 |    404 |    301 |   4018 |   6 |  991.8 |
   Spider Nest |   5845 |   5640 |    205 |   1714 |   2605 |   4 | 1461.2 |
  Orcish Mines |   3008 |   2833 |    175 |   1027 |   1017 |   2 | 1504.0 |
        Bailey |   1990 |   1990 |      0 |   1324 |      0 |   1 | 1990.0 |
      Ice Cave |    655 |    655 |      0 |     77 |    313 |   1 |  655.0 |
               +--------+--------+--------+--------+--------+-----+--------+

Top non-repeatable levels by time:
Spider:4: 2136 daAuts
     D:9: 2009 daAuts
  Bailey: 1990 daAuts
   Orc:1: 1797 daAuts
Spider:1: 1543 daAuts
    D:12: 1499 daAuts
     D:6: 1350 daAuts
    D:11: 1275 daAuts
Spider:3: 1272 daAuts
     D:3: 1235 daAuts
   Orc:2: 1210 daAuts
     D:4: 1201 daAuts
  Lair:2: 1182 daAuts
     D:1: 1143 daAuts
     D:2: 1136 daAuts
